 Dungeon Crawl Stone Soup version 0.26.1-11-gd32895ea62 (webtiles) character file.

Game seed: 7079025810566179993

132 Zeld the Changer (level 5, -2/33 HPs)
             Began as an Octopode Transmuter on May 26, 2021.
             Killed from afar by an orc wizard (4 damage)
             ... with a puff of flame
             ... on level 3 of the Dungeon.
             The game lasted 00:02:21 (3055 turns).

Zeld the Changer (Octopode Transmuter)              Turns: 3055, Time: 00:02:22

Health: -2/33      AC:  1    Str: 10    XL:     5   Next: 15%
Magic:  6/9        EV: 14    Int: 15    God:
Gold:   93         SH:  0    Dex: 13    Spells: 3/9 levels left

rFire    . . .     SeeInvis .     - Unarmed
rCold    . . .     Faith    .   (no shield)
rNeg     . . .     Spirit   .   (helmet currently unavailable)
rPois    .         Reflect  .   (no amulet)
rElec    .         Harm     .   (no ring)
rCorr    .         Rampage  .   (no ring)
Will     .....                  (no ring)
Stlth    ++........             (no ring)
HPRegen  0.11/turn              (no ring)
MPRegen  0.11/turn              (no ring)
                                (no ring)
                                (no ring)

@: appendages, wereblooded
A: almost no armour, stealthy swim, amphibious, 8 rings, constrict 8, tentacle
spike 3, camouflage 1, gelatinous body 1
a: End Transformation


You were on level 3 of the Dungeon.
One of your tentacles had a temporary spike.
You visited 1 branch of the dungeon, and saw 3 of its levels.

You collected 93 gold pieces.

Inventory:

Jewellery
 b - an uncursed ring of protection from cold {unknown}
Scrolls
 a - a scroll of magic mapping {unknown}
 d - 3 scrolls of identify {unknown}
 e - a scroll of fear {unknown}
 f - 4 scrolls of remove curse {unknown}
 g - a scroll of teleportation {unknown}
Potions
 c - a potion of brilliance {unknown}
 h - 2 potions of haste {unknown}
 i - a potion of attraction {unknown}
 j - a potion of flight {unknown}


   Skills:
 - Level 1.0 Fighting
 + Level 3.0 Dodging
 - Level 3.0 Unarmed Combat
 + Level 2.8 Spellcasting
 * Level 3.9 Transmutations


You had 3 spell levels left.
You knew the following spells:

 Your Spells              Type           Power        Failure   Level
a - Beastly Appendage     Tmut           28%          4%          1
b - Wereblood             Tmut           14%          6%          2
c - Spider Form           Tmut/Pois      4%           26%         3

Your spell library contained the following spells:

 Spells                   Type           Power        Failure   Level
 Ice Form                 Ice/Tmut       8%           65%         4
 Blade Hands              Tmut           7%           73%         5


Dungeon Overview and Level Annotations

Branches:
Dungeon (3/15)

Altars:


Innate Abilities, Weirdness & Mutations

You cannot wear most types of armour.
You are very stealthy in the water. (Stealth+)
You are amphibious.
You can wear up to eight rings at the same time.
You can use your tentacles to constrict eight enemies at once.
Your skin changes colour to match your surroundings (Stealth+).
Your rubbery body absorbs attacks. (AC +1, EV +1)
One of your tentacles bears a large vicious spike.


Message History

You closely miss the orc wizard. Your grab misses the orc wizard.
Your tentacle spike misses the orc wizard.
The orc wizard is lightly wounded.
The orc wizard hits you but does no damage.
The orc hits you.
* * * LOW HITPOINT WARNING * * *
You are too injured to fight recklessly!
Unknown command.
You tentacle-slap the orc wizard. Your grab misses the orc wizard.
Your tentacle spike misses the orc wizard.
The orc wizard is moderately wounded.
The orc wizard hits you with a +0 dagger.
* * * LOW HITPOINT WARNING * * *
You tentacle-slap the orc wizard but do no damage.
Your grab misses the orc wizard.
The orc wizard is moderately wounded.
The orc closely misses you.
The orc wizard gestures at you while chanting.
The puff of flame hits you.
You die...

# # .###.
...# #..#
#..# #.o#
#.@# #†o#
#..#
#.......#
#..o....##
#..######
#.


You could see an orc wizard and an orc.

Vanquished Creatures
  2 orc priests (D:2)
  2 adders (D:2)
  An ooze (D:1)
  A worm (D:2)
  2 dart slugs (D:1)
  5 orcs
  3 bats
  3 giant cockroaches
  A goblin (D:1)
  2 hobgoblins (D:1)
  4 jackals (D:1)
  A ball python (D:2)
  2 frilled lizards
  7 kobolds
  9 rats
45 creatures vanquished.

Notes
Turn   | Place    | Note
-------+----------+-------------------------------------------
     0 | D:1      | Zeld the Octopode Transmuter began the quest for the Orb.
     0 | D:1      | Reached XP level 1. HP: 13/13 MP: 3/3
   439 | D:1      | Reached XP level 2. HP: 11/18 MP: 3/5
   676 | D:1      | Learned a level 2 spell: Wereblood
  1041 | D:1      | Reached XP level 3. HP: 11/23 MP: 4/6
  1045 | D:1      | Learned a level 3 spell: Spider Form
  2229 | D:2      | Reached XP level 4. HP: 28/28 MP: 5/7
  2825 | D:2      | Reached XP level 5. HP: 33/33 MP: 7/9
  3055 | D:3      | Killed from afar by an orc wizard

Illustrated notes

Levels and vault maps discovered:
D:1:      matt_arrival_grand_opening, layout_basic, minmay_misc_feat_iff
D:2:      layout_loops_ring
D:3:      layout_loops_ring, uniq_grinder, uniq_natasha

Skill      XL: |  1  2  3  4 |
---------------+-------------+-----
Transmutations | 3 |  3.9
Dodging        | 3 |  3.0
Fighting       | |  1.0
Unarmed Combat | |  3.0
Spellcasting   | |  2.8

Action                   |  1- 3 |  4- 6 || total
-------------------------+-------+-------++-------
Melee: Unarmed           |    70 |    28 ||    98
       Constrict         |    22 |     8 ||    30
       Kick              |    17 |     7 ||    24
       Tentacles         |    11 |     5 ||    16
       Punch             |     1 |     1 ||     2
 Cast: Beastly Appendage |    24 |     6 ||    30
       Wereblood         |       |     2 ||     2
 Stab: Sleeping          |     5 |     1 ||     6
Armor: Skin              |     6 |     1 ||     7
Dodge: Dodged            |    49 |    24 ||    73
